 Dungeon Crawl Stone Soup version 0.21.1-1-g345015f (webtiles) character file.

147 Mirai the Skirmisher (level 5, -1/42 HPs)
             Began as a Demonspawn Fighter on Mar 15, 2018.
             Slain by a hobgoblin
             ... wielding a +0 club
             ... led by Robin
              (7 damage)
             ... on level 2 of the Dungeon.
             The game lasted 00:04:34 (1513 turns).

Mirai the Skirmisher (Demonspawn Fighter)           Turns: 1513, Time: 00:04:35

Health: -1/42      AC:  8    Str: 23    XL:     5   Next: 7%
Magic:  5/5        EV: 10    Int:  9    God:
Gold:   126        SH:  0    Dex: 14    Spells: 4/4 levels left

rFire    . . .     SeeInvis .   a - +0 war axe
rCold    . . .     Gourm    .   (no shield)
rNeg     . . .     Faith    .   b - +0 scale mail
rPois    .         Spirit   .   (no helmet)
rElec    .         Reflect  .   (no cloak)
rCorr    .         Harm     .   j - +0 pair of gloves
MR       .....                  (no boots)
Stlth    +.........             i - amulet of rage
HPRegen  0.14/turn              (no ring)
MPRegen  0.09/turn              (no ring)

@: mighty
A: claws 1, thin skeletal structure 1, demonic guardian 1, powered by pain 1
a: Evoke Berserk Rage


You were on level 2 of the Dungeon.
You were not hungry.

You visited 1 branch of the dungeon, and saw 2 of its levels.

You collected 126 gold pieces.

Inventory:

Hand Weapons
 a - a +0 war axe (weapon)
Armour
 b - a +0 scale mail (worn)
 c - a +0 shield
 j - a +0 pair of gloves (worn)
Jewellery
 h - an uncursed amulet of faith
 i - an amulet of rage (around neck)
Wands
 q - a wand of paralysis (6)
 r - a wand of polymorph (8)
Scrolls
 l - a scroll of fog {unknown}
 m - 2 scrolls of magic mapping {unknown}
 n - 3 scrolls of remove curse {unknown}
 t - a scroll of random uselessness {unknown}
Potions
 e - 2 potions of curing {unknown}
 k - a potion of brilliance {unknown}
 o - a potion of agility {unknown}
 s - a potion of flight {unknown}
Books
 p - a book of Minor Magic

   Spells                             Type                      Level
   a - Magic Dart                     Conjuration                  1
   b - Blink                          Translocation                2
   c - Call Imp                       Summoning                    2
   d - Slow                           Hexes                        2
   e - Conjure Flame                  Conjuration/Fire             3
   f - Mephitic Cloud                 Conjuration/Poison/Air       3
Comestibles
 f - 6 rations
 g - 7 chunks of flesh


   Skills:
 * Level 4.2 Fighting
 + Level 3.1 Axes
 + Level 3.3 Armour
 + Level 0.6 Dodging
 - Level 2.6 Shields


You had 4 spell levels left.
You didn't know any spells.

Dungeon Overview and Level Annotations

Branches:
Dungeon (2/15)

Altars:
Dithmenos


Innate Abilities, Weirdness & Mutations

You have sharp fingernails.
You have a somewhat thin skeletal structure. (Dex +2, Stealth)
A weak demonic guardian rushes to your aid.
You sometimes gain a little power by taking damage.


Message History

* * * LOW HITPOINT WARNING * * *
Robin hits you but does no damage.
You slice Robin!!
You kill Robin!
You have reached level 5!
Your demonic ancestry asserts itself...
Your bones become slightly less dense.
You closely miss the hobgoblin. The hobgoblin closely misses you.
You closely miss the hobgoblin. The hobgoblin hits you with a club.
* * * LOW HITPOINT WARNING * * *
You barely miss the hobgoblin. The hobgoblin hits you with a club.
* * * LOW HITPOINT WARNING * * *
The hobgoblin hits you but does no damage.
You closely miss the hobgoblin.
The hobgoblin hits you but does no damage.
You closely miss the hobgoblin. The hobgoblin misses you.
Your scale mail prevents you from hitting the hobgoblin.
The hobgoblin misses you.
You barely miss the hobgoblin. The hobgoblin hits you with a club!
You die...

####....#####.#......###...###..#
.....##.#####.##.....####...###.#
.............................##.#
.................................
.....#########.########.....###.#
###### #.# #.....# # ...####
######.########....## ##....
..........).........# ....##
#########@######....# .....####
#g# #....# ........ #.# #....#
...)..# ... #.#### ......# <.. ..
......# #.... ......# #$...
..>..## #..... .[....#


You could see a hobgoblin.

Vanquished Creatures
  A jelly (D:2)
  Robin (D:2)
  An adder (D:2)
  5 dart slugs
  A leopard gecko (D:1)
  A giant cockroach (D:1)
  7 goblins
  5 hobgoblins
  4 jackals (D:1)
  A ball python (D:1)
  8 bats
  3 frilled lizards
  11 kobolds
  12 rats
61 creatures vanquished.

Vanquished Creatures (collateral kills)
  A hound (D:2)
  A leopard gecko (D:2)
  5 goblins (D:2)
7 creatures vanquished.

Grand Total: 68 creatures vanquished

Notes
Turn   | Place    | Note
-------+----------+-------------------------------------------
     0 | D:1      | Mirai the Demonspawn Fighter began the quest for the Orb.
     0 | D:1      | Reached XP level 1. HP: 18/18 MP: 1/1
    84 | D:1      | Gained mutation: You have sharp fingernails. [demonic ancestry]
    84 | D:1      | Reached XP level 2. HP: 24/24 MP: 2/2
   318 | D:1      | Gained mutation: You sometimes gain a little power by taking damage. [demonic ancestry]
   318 | D:1      | Reached XP level 3. HP: 23/29 MP: 3/3
  1045 | D:2      | Reached skill level 4 in Fighting
  1045 | D:2      | Gained mutation: A weak demonic guardian rushes to your aid. [demonic ancestry]
  1045 | D:2      | Reached XP level 4. HP: 20/37 MP: 4/4
  1175 | D:2      | Found a transporter.
  1184 | D:2      | Found a shadowy altar of Dithmenos.
  1256 | D:2      | Found a transporter.
  1491 | D:2      | Noticed Robin
  1506 | D:2      | Killed Robin
  1506 | D:2      | Gained mutation: You have a somewhat thin skeletal structure. (Dex +2, Stealth) [demonic ancestry]
  1506 | D:2      | Reached XP level 5. HP: 10/42 MP: 5/5
  1513 | D:2      | Slain by a hobgoblin

Skill      XL: |  1  2  3  4 |
---------------+-------------+-----
Axes           | 2 3 |  3.1
Fighting       | 4 |  4.2
Armour         | 3 |  3.3
Dodging        | |  0.6
Shields        | |  2.6

Action                   |  1- 3 |  4- 6 || total
-------------------------+-------+-------++-------
Melee: War axe           |   101 |    68 ||   169
  Use: Potion            |       |     1 ||     1
  Eat: Chunk             |     1 |     1 ||     2
Armor: Scale mail        |    74 |    41 ||   115
Dodge: Dodged            |    66 |    37 ||   103
Block: Shield            |    13 |       ||    13
